 Dungeon Crawl Stone Soup version 0.20.1-1-g8b1a95d (webtiles) character file.

17990 pstr the Fiendish (level 12, -3/65 HPs)
             Began as a Kobold Conjurer on Nov 28, 2017.
             Was a Priest of Makhleb.
             Slain by a skeletal warrior
             ... wielding a +0 glaive
             ... led by a skeletal warrior
              (17 damage)
             ... on level 12 of the Dungeon.
             The game lasted 01:11:49 (20397 turns).

pstr the Fiendish (Kobold Conjurer)                Turns: 20397, Time: 01:11:50

Health: -3/65      AC: 25    Str: 14    XL:     12   Next: 89%
Magic:  43/43      EV: 16    Int: 22    God:    Makhleb [***...]
Gold:   925        SH:  0    Dex: 13    Spells: 22/30 levels left

rFire    . . .     SeeInvis .   H - +10 quarterstaff "Tuboefri" {crush, rN+ Str+5}
rCold    . . .     Gourm    .   (shield currently unavailable)
rNeg     + . .     Faith    +   x - +5 ring mail
rPois    .         Spirit   .   i - +2 helmet
rElec    .         Reflect  .   X - +2 cloak
rCorr    .         Harm     .   q - +0 pair of gloves
MR       .....                  F - +0 pair of boots
Stlth    ++........             j - amulet of faith
Regen    0.2/turn               D - ring of magical power
MPRegen  0.3/turn               R - ring of magical power

@: no status effects
A: molten scales 1, rugged brown scales 1, yellow scales 1, blink, carnivore 3,
clumsy 1, mutation resistance 1, strong 2, wild magic 1
a: Blink, Minor Destruction, Lesser Servant of Makhleb, Renounce Religion


You were on level 12 of the Dungeon.
You worshipped Makhleb.
Makhleb was most pleased with you.
You were full.

You visited 1 branch of the dungeon, and saw 13 of its levels.
You also visited: Sewer and Ossuary.

You collected 1022 gold pieces.
You spent 97 gold pieces at shops.

Inventory:

Hand Weapons
 f - a +2 long sword of electrocution
 l - a +3 long sword
 C - a +7 long sword
 H - the +10 quarterstaff "Tuboefri" (weapon) {crush, rN+ Str+5}
   (You found it on level 8 of the Dungeon)

   It inflicts extra damage upon your enemies.
   It affects your strength (+5).
   It protects you from negative energy.
Missiles
 e - 384 stones (quivered)
 p - 399 arrows
Armour
 i - a +2 helmet (worn)
 q - a +0 pair of gloves (worn)
 x - a +5 ring mail (worn)
 F - a +0 pair of boots (worn)
 X - a +2 cloak (worn)
Jewellery
 d - an uncursed ring of protection from cold
 j - an amulet of faith (around neck)
 n - an uncursed ring of protection from cold
 u - a +3 amulet of reflection
 y - an uncursed ring of positive energy
 D - a ring of magical power (left hand)
 R - a ring of magical power (right hand)
 V - an uncursed ring of ice
 Y - an uncursed ring of ice
Wands
 a - a wand of lightning (7/15)
 h - a wand of flame (30/48)
 K - a wand of confusion (32/48)
 Q - a wand of random effects (14/48)
 T - a wand of disintegration (9/24)
 U - a wand of polymorph (4/24)
 W - a wand of iceblast (9/15)
Scrolls
 g - 6 scrolls of teleportation
 o - 2 scrolls of amnesia
 s - 4 scrolls of fear
 t - 4 scrolls of remove curse
 v - a scroll of blinking
 G - 3 scrolls of immolation
 S - 2 scrolls of identify
Potions
 m - 2 potions of invisibility
 r - a potion of lignification
 w - 3 potions of haste
 z - 2 potions of agility
 E - 3 potions of degeneration
 J - 5 potions of might
 L - 5 potions of brilliance
 N - 2 potions of magic
 O - a potion of flight
Books
 b - a book of Conjurations

   Spells                             Type                      Level
   a - Magic Dart                     Conjuration                  1
   b - Searing Ray                    Conjuration                  2
   c - Dazzling Spray                 Conjuration/Hexes            3
   d - Fulminant Prism                Conjuration/Hexes            4
   e - Force Lance                    Conjuration/Translocation    4
   f - Iskenderun's Mystic Blast      Conjuration                  4
 A - a book of Power

   Spells                             Type                      Level
   a - Iskenderun's Battlesphere      Conjuration/Charms           5
   b - Venom Bolt                     Conjuration/Poison           5
   c - Bolt of Magma                  Conjuration/Fire/Earth       5
   d - Iron Shot                      Conjuration/Earth            6
   e - Orb of Destruction             Conjuration                  7
   f - Spellforged Servitor           Conjuration/Summoning        7
 I - a book of Cantrips

   Spells                             Type                      Level
   a - Confusing Touch                Hexes                        1
   b - Animate Skeleton               Necromancy                   1
   c - Summon Small Mammal            Summoning                    1
   d - Apportation                    Translocation                1
 Z - a book of Clouds

   Spells                             Type                      Level
   a - Poisonous Vapours              Poison/Air                   2
   b - Mephitic Cloud                 Conjuration/Poison/Air       3
   c - Conjure Flame                  Conjuration/Fire             3
   d - Freezing Cloud                 Conjuration/Ice/Air          6
   e - Ring of Flames                 Charms/Fire                  7
Comestibles
 c - 6 meat rations
 k - 4 royal jellies
 M - 4 chunks of flesh


   Skills:
 + Level 3.1 Fighting
   Level 1.3 Short Blades
 + Level 2.2 Staves
 + Level 5.2 Armour
 + Level 6.0 Dodging
 + Level 5.0 Stealth
 + Level 9.9 Spellcasting
 + Level 9.8 Conjurations
 + Level 13.1 Invocations


You had 22 spell levels left.
You knew the following spells:

 Your Spells              Type           Power        Failure   Level  Hunger
a - Magic Dart            Conj           ####         1%          1    None
b - Searing Ray           Conj           ######       1%          2    None
c - Iskenderun's Battles  Conj/Chrm      #####...     47%         5    ####...


Dungeon Overview and Level Annotations

Branches:
Dungeon (13/15)            Temple (0/1) D:6            Lair (0/6) D:10
    Orc (0/2) D:10         Vaults (0/5) D:13

Altars:
Elyvilon
Makhleb
Okawaru
Ru
Trog

Shops:
D:7 *   D:12 [

Annotations:
D:10 exclusion: oklob plant
D:13 Azrael


Innate Abilities, Weirdness & Mutations

You are small and have problems with some larger weapons.
You are carnivorous and can eat meat at any time.
You are partially covered in molten scales. (AC +2)
You are partially covered in rugged brown scales. (AC +1, +3% HP)
You are partially covered in yellow scales. (AC +2)
You can translocate small distances at will.
You are clumsy. (Dex -2)
You are somewhat resistant to further mutation.
Your muscles are very strong. (Str +4)
Your spells are a little harder to cast, but a little more powerful.


Message History

Your ufetubus hits the skeletal warrior but does no damage. x2
Your ufetubus barely misses the skeletal warrior.
The skeletal warrior hits you from afar with a glaive!
* * * LOW HITPOINT WARNING * * *
You feel better.
Your ufetubus hits the skeletal warrior but does no damage.
Your ufetubus barely misses the skeletal warrior.
Your ufetubus hits the skeletal warrior but does no damage.
Your ufetubus barely misses the skeletal warrior.
Your ufetubus hits the skeletal warrior but does no damage.
Your ufetubus barely misses the skeletal warrior.
Your ufetubus hits the skeletal warrior but does no damage.
Your ufetubus closely misses the skeletal warrior.
Your ufetubus hits the skeletal warrior but does no damage.
Your ufetubus closely misses the skeletal warrior.
Your ufetubus hits the skeletal warrior.
Your ufetubus closely misses the skeletal warrior.
Okay, then.
The skeletal warrior hits you from afar with a glaive!
You die...

....# #........≈≈≈≈..........
#'### #######..≈≈≈≈8..##.#### 5.#
#..≈≈≈≈...##.## ######
#........###..###
.......##########.......## ##...#
.......'..........####### ####.#
.......#..#########..#######.....
..... ##..## ######......##.....
..... #...###3@.#######........
..... ##.#..#5§.# ####..... .....
#####5z55# #<.... ###### #.....
######


You could see a skeletal warrior, a friendly ynoxinul and 4 friendly ufetubi.

Vanquished Creatures
  A dancing weapon (D:13)
  4 two-headed ogres
  Sonja (D:10)
  2 unseen horrors (D:10)
  The ghost of Orcmeat the Destroyer, a novice SpWz of Vehumet (D:10)
  2 ugly things
  A manticore (D:12)
  Maurice (D:10)
  A centaur skeleton (D:11)
  2 trolls
  Prince Ribbit (D:9)
  4 hippogriffs
  2 wyverns
  2 hungry ghosts
  5 ice beasts
  4 orc warriors
  4 sky beasts
  2 black bears
  2 eyes of draining
  A phantom (D:7)
  8 centaurs
  7 ogres
  2 crocodiles
  4 big kobolds
  Blork the orc (D:5)
  A wyvern zombie (D:10)
  7 bullfrogs
  A water moccasin zombie (D:11)
  6 scorpions
  A wyvern skeleton (D:6)
  5 wights
  3 howler monkeys
  2 quasits (D:7)
  5 crimson imps
  2 centaur zombies
  2 jellies
  7 hounds
  2 bullfrog skeletons
  4 orc priests
  A gnoll shaman (D:10)
  6 orc wizards
  Terence (D:2)
  5 iguanas
  6 worker ants
  A hound skeleton (D:5)
  2 mummies (Ossuary)
  A worker ant zombie (D:5)
  3 gnolls (D:10)
  5 river rats
  13 adders
  5 shadow imps
  6 oozes
  5 adder skeletons
  6 worms
  3 dart slugs
  6 leopard geckos
  38 orcs
  7 giant cockroaches
  8 goblins
  11 hobgoblins
  5 jackals
  6 quokkas
  3 ball pythons
  10 bats
  4 frilled lizards
  2 gnoll skeletons (Ossuary)
  3 gnoll zombies (Ossuary)
  3 goblin skeletons (Ossuary)
  A goblin zombie (Ossuary)
  3 hobgoblin skeletons (Ossuary)
  5 hobgoblin zombies (Ossuary)
  A jackal skeleton (D:4)
  17 kobolds
  A kobold skeleton (Ossuary)
  3 kobold zombies (Ossuary)
  A leopard gecko skeleton (D:5)
  A leopard gecko zombie (D:8)
  An orc skeleton (Ossuary)
  An orc zombie (Ossuary)
  11 rats
  4 rat skeletons (Ossuary)
  A rat zombie (Ossuary)
339 creatures vanquished.

Vanquished Creatures (collateral kills)
  2 centaur warriors
  A dancing weapon (D:13)
  4 skeletal warriors
  A centaur (D:9)
  2 wights (D:9)
  An orc priest (D:11)
  An orc wizard (D:9)
  A worker ant (D:12)
  3 orcs
  2 kobolds (D:12)
18 creatures vanquished.

Vanquished Creatures (others)
  Menkaure (Ossuary)
  A worker ant (D:10)
  A mummy (Ossuary)
  A gnoll skeleton (Ossuary)
  2 gnoll zombies (Ossuary)
  A goblin skeleton (Ossuary)
  2 goblin zombies (Ossuary)
  3 hobgoblin skeletons (Ossuary)
  A hobgoblin zombie (Ossuary)
  A kobold skeleton (Ossuary)
  2 kobold zombies (Ossuary)
  An orc skeleton (Ossuary)
  3 orc zombies (Ossuary)
  4 rat skeletons (Ossuary)
  A rat zombie (Ossuary)
25 creatures vanquished.

Grand Total: 382 creatures vanquished

Notes
Turn   | Place    | Note
-------+----------+-------------------------------------------
     0 | D:1      | pstr the Kobold Conjurer began the quest for the Orb.
     0 | D:1      | Reached XP level 1. HP: 10/10 MP: 3/3
   197 | D:1      | Reached XP level 2. HP: 15/15 MP: 1/5
   201 | D:1      | Learned a level 2 spell: Searing Ray
   723 | D:1      | Reached XP level 3. HP: 19/19 MP: 4/6
  1345 | D:2      | Reached skill level 5 in Conjurations
  1462 | D:2      | Reached XP level 4. HP: 24/24 MP: 0/7
  1564 | D:2      | Noticed Terence
  1570 | D:2      | Killed Terence
  2191 | D:2      | Reached XP level 5. HP: 28/28 MP: 2/9
  3268 | D:3      | Found a faded altar of an unknown god.
  3277 | D:3      | Became a worshipper of Makhleb the Destroyer
  3277 | D:3      | Reached * piety under Makhleb
  4067 | D:4      | Reached XP level 6. HP: 33/33 MP: 0/11
  4672 | D:5      | Entered Level 5 of the Dungeon
  4672 | D:5      | Noticed a sky beast
  4693 | D:4      | Gained mutation: You have large cloven feet. [potion of mutation]
  4693 | D:4      | Gained mutation: Your mind is acute. (Int +2) [potion of mutation]
  4693 | D:4      | Gained mutation: You can translocate small distances at will. [potion of mutation]
  4693 | D:4      | Gained mutation: Your spells are a little harder to cast, but a little more powerful. [potion of mutation]
  4706 | D:4      | Killed a sky beast
  4706 | D:4      | Reached XP level 7. HP: 17/37 MP: 0/12
  4710 | D:4      | Gained mutation: You are partially covered in yellow scales. (AC +2) [mutagenic meat]
  4711 | D:4      | Gained mutation: You are clumsy. (Dex -2) [mutagenic meat]
  4893 | D:4      | Reached skill level 1 in Armour
  5116 | D:5      | Lost mutation: You have large cloven feet. [potion of mutation]
  5116 | D:5      | Lost mutation: Your mind is acute. (Int +2) [potion of mutation]
  5116 | D:5      | Gained mutation: Your magical capacity is low. (-10% MP) [potion of mutation]
  5116 | D:5      | Gained mutation: Your muscles are strong. (Str +2) [potion of mutation]
  5117 | D:5      | Lost mutation: Your magical capacity is low. (-10% MP) [potion of mutation]
  5117 | D:5      | Gained mutation: You are partially covered in molten scales. (AC +2) [potion of mutation]
  5117 | D:5      | Gained mutation: Your muscles are very strong. (Str +4) [potion of mutation]
  5117 | D:5      | Gained mutation: You are partially covered in rugged brown scales. (AC +1, +3% HP) [potion of mutation]
  5163 | D:5      | Found a sacrificial altar of Ru.
  5898 | D:5      | Noticed Blork the orc
  5903 | D:5      | Killed Blork the orc
  5903 | D:5      | Reached ** piety under Makhleb
  5903 | D:5      | Reached skill level 1 in Fighting
  5903 | D:5      | Reached XP level 8. HP: 38/44 MP: 10/15
  6422 | D:6      | Found a glowing drain.
  6467 | Sewer    | Entered a sewer
  6512 | Sewer    | Reached skill level 5 in Spellcasting
  7400 | Sewer    | Reached *** piety under Makhleb
  7779 | D:6      | Found a staircase to the Ecumenical Temple.
  8005 | D:7      | Found a bloodstained altar of Trog.
  8077 | D:7      | Reached XP level 9. HP: 48/48 MP: 10/19
  8225 | D:7      | Found Ucso's General Store.
  9355 | D:7      | Bought a scroll of enchant armour for 97 gold pieces
  9369 | D:8      | Reached **** piety under Makhleb
  9474 | D:8      | Found an iron altar of Okawaru.
  9570 | D:8      | Found a sand-covered staircase.
  9587 | Ossuary  | Entered an ossuary
  9908 | Ossuary  | Killed Menkaure
 10273 | D:8      | Noticed a hippogriff
 10283 | D:8      | Killed a hippogriff
 10343 | D:8      | Reached ***** piety under Makhleb
 10431 | D:8      | Reached XP level 10. HP: 55/55 MP: 22/22
 10524 | D:8      | Reached skill level 1 in Short Blades
 10577 | D:8      | Noticed a two-headed ogre
 10588 | D:8      | Killed a two-headed ogre
 10588 | D:8      | Reached skill level 5 in Stealth
 10871 | D:8      | Got a brightly glowing quarterstaff
 10872 | D:8      | Identified the +10 quarterstaff "Tuboefri" {crush, rN+ Str+5} (You found it on level 8 of the Dungeon)
 11723 | D:9      | Reached skill level 5 in Dodging
 11930 | D:9      | Reached skill level 1 in Invocations
 12032 | D:9      | Reached skill level 2 in Invocations
 12226 | D:9      | Noticed Prince Ribbit
 12229 | D:9      | Killed Prince Ribbit
 12229 | D:9      | Reached skill level 3 in Invocations
 12268 | D:9      | Noticed a two-headed ogre
 12273 | D:9      | Killed a two-headed ogre
 12273 | D:9      | Reached skill level 5 in Invocations
 12273 | D:9      | Reached XP level 11. HP: 60/60 MP: 24/24
 12560 | D:10     | Entered Level 10 of the Dungeon
 12707 | D:10     | Noticed Orcmeat's ghost (novice SpWz)
 12721 | D:10     | Killed Orcmeat's ghost
 12721 | D:10     | Reached skill level 6 in Invocations
 12814 | D:10     | Reached skill level 1 in Staves
 12814 | D:10     | Reached skill level 7 in Invocations
 13037 | D:10     | Noticed Sonja
 13041 | D:10     | Killed Sonja
 13206 | D:10     | Reached skill level 8 in Invocations
 13326 | D:10     | Noticed Maurice
 13333 | D:10     | Killed Maurice
 13507 | D:10     | Killed an unseen horror
 13720 | D:10     | Noticed a two-headed ogre
 13732 | D:10     | Killed a two-headed ogre
 13732 | D:10     | Reached skill level 9 in Invocations
 13792 | D:10     | Killed an unseen horror
 13959 | D:10     | Found a staircase to the Lair.
 13961 | D:10     | Noticed an oklob plant
 14106 | D:10     | Gained mutation: You are somewhat resistant to further mutation. [mutagenic meat]
 14607 | D:10     | Reached skill level 10 in Invocations
 15191 | D:10     | Found a staircase to the Orcish Mines.
 15813 | D:11     | Reached XP level 12. HP: 50/65 MP: 25/25
 15894 | D:11     | Reached skill level 11 in Invocations
 16484 | D:11     | Noticed a centaur warrior
 17000 | D:11     | Killed a centaur warrior
 18077 | D:12     | Learned a level 5 spell: Iskenderun's Battlesphere
 18286 | D:12     | Reached skill level 12 in Invocations
 18326 | D:12     | Found a white marble altar of Elyvilon.
 18345 | D:12     | Noticed a skeletal warrior
 18349 | D:12     | Noticed a skeletal warrior
 18367 | D:12     | Noticed a skeletal warrior
 18368 | D:12     | Noticed a skeletal warrior
 18733 | D:12     | Found Joiwn's Armour Shop.
 18986 | D:13     | Noticed an enchanted long sword
 18994 | D:13     | Killed an enchanted long sword
 18994 | D:13     | Reached skill level 5 in Armour
 19005 | D:13     | Found a gate to the Vaults.
 19006 | D:13     | Noticed an enchanted long sword
 19017 | D:13     | Killed an enchanted long sword
 19140 | D:13     | Noticed Azrael
 19143 | D:13     | Noticed a centaur warrior
 19176 | D:13     | Killed a centaur warrior
 19479 | D:12     | Noticed a skeletal warrior
 19538 | D:11     | Killed a skeletal warrior
 19930 | D:12     | Killed a skeletal warrior
 20012 | D:12     | Killed a skeletal warrior
 20336 | D:12     | Noticed a two-headed ogre
 20344 | D:12     | Killed a two-headed ogre
 20344 | D:12     | Reached skill level 13 in Invocations
 20379 | D:12     | Killed a skeletal warrior
 20397 | D:12     | Slain by a skeletal warrior

Skill      XL: |  1  2  3  4  5  6  7  8  9 10 11 12 |
---------------+-------------------------------------+-----
Conjurations   | 5 6 7 8 9 |  9.8
Stealth        | 3 4 5 |  5.0
Spellcasting   | 3 4 6 8 9 |  9.9
Dodging        | 3 4 5 6 |  6.0
Armour         | 1 2 3 4 5 |  5.2
Fighting       | 1 2 3 |  3.1
Short Blades   | 1 |  1.3
Invocations    | 5 10 13 | 13.1
Staves         | 1 2 |  2.2

Action                   |  1- 3 |  4- 6 |  7- 9 | 10-12 || total
-------------------------+-------+-------+-------+-------++-------
Melee: Unarmed           |       |     3 |       |       ||     3
       Short sword       |       |    13 |     2 |       ||    15
       Kick              |       |     1 |       |       ||     1
       Quarterstaff      |       |       |       |    28 ||    28
Throw: Stone             |       |       |       |     1 ||     1
 Cast: Magic Dart        |    63 |    76 |    93 |    27 ||   259
       Searing Ray       |     1 |    20 |   101 |    60 ||   182
Invok: Minor Destruction |       |       |       |   228 ||   228
       Lesser Servant of |       |       |       |    23 ||    23
       Major Destruction |       |       |       |    84 ||    84
 Abil: Blink             |       |       |     2 |     2 ||     4
  Use: Potion            |       |     1 |     8 |    11 ||    20
       Scroll            |       |       |    15 |    10 ||    25
  Eat: Chunk             |    10 |    11 |    24 |    34 ||    79
Armor: Robe              |     1 |    30 |       |       ||    31
       Ring mail         |       |     8 |    57 |   118 ||   183
Dodge: Dodged            |    10 |    91 |    70 |   178 ||   349
Block: Other             |       |     1 |     3 |       ||     4
